[Event "8th Amsterdam Summer Open-A 2018"]
[Site "Amsterdam"]
[Date "2018.07.08"]
[Round "2"]
[White "Riemersma, Li"]
[Black "Vroombout, Enrico"]
[Result "1-0"]
[ECO "E87"]
[WhiteElo "2458"]
[BlackElo "2132"]
[Annotator "ChessBase"]
[PlyCount "121"]
[EventDate "2018.07.07"]
[EventType "swiss"]
[EventCountry "NED"]
[SourceTitle "playchess.com"]
[Source "ChessBase"]
[SourceQuality "1"]
[TimeControl "40/5400+30:1800+30"]

1. d4 Nf6 2. c4 g6 3. Nc3 Bg7 4. e4 d6 5. f3 O-O 6. Be3 e5 7. d5 Nh5 8. Qd2 f5 9. O-O-O a6 10. Kb1 Nd7 11. Nge2 Ndf6 12. Ng3 f4 13. Nxh5 Nxh5 14. Bf2 Bf6 15. Qe1 Be7 16. Rc1 Ng7 17. Be2 Rb8 18. Ba7 Ra8 19. Bf2 Rb8 20. g4 Kh8 21. h4 h6 22. Nd1 c5 23. b4 b6 24. Ka1 Bd7 25. Nb2 a5 26. bxc5 bxc5 27. Qc3 Qc7 28. Nd3 Rb7 29. Bd1 Kg8 30. Bc2 Rfb8 31. h5 g5 32. Rb1 Rxb1+ 33. Rxb1 Rxb1+ 34. Kxb1 Bd8 35. Be1 Kf7 36. Qa3 Qb6+ 37. Nb2 Ne8 38. Ba4 Nf6 39. Bxd7 Nxd7 40. Qa4 Ke7 41. Kc2 Bc7 42. Qb5 Qa7 43. Na4 Kd8 44. Kb3 Ke7 45. Nb2 Kd8 46. Nd3 Ke7 47. a3 Kd8 48. Kc2 Kc8 49. Nc1 a4 50. Nd3 Kd8 51. Nb2 Nb6 52. Bc3 Ke7 53. Be1 Kd8 54. Nd1 Nd7 55. Nc3 Nb6 56. Kd3 Qa8 57. Bf2 Qb8 58. Qc6 Nd7 59. Nb5 Qb6 60. Qa8+ Ke7 61. Qh8 1-0

[Event "8th Amsterdam Summer Open-A 2018"]
[Site "Amsterdam"]
[Date "2018.07.08"]
[Round "2"]
[White "Brink, Barry"]
[Black "Mesman, Edwyn"]
[Result "1-0"]
[ECO "D92"]
[WhiteElo "2342"]
[BlackElo "2100"]
[Annotator "NA"]
[PlyCount "91"]
[EventDate "2018.07.07"]
[EventType "swiss"]
[EventCountry "NED"]
[SourceTitle "playchess.com"]
[Source "ChessBase"]
[SourceQuality "1"]
[TimeControl "40/5400+30:1800+30"]

1. d4 Nf6 2. c4 g6 3. Nc3 d5 4. Nf3 Bg7 5. Bf4 O-O 6. Rc1 Nh5 {[%emt 0:04:04] D92: Grünfeld: 4 Nf3 Bg7 5 Bf4} (6... Be6 7. e3 dxc4 8. Ng5 Bd5 9. e4 h6 10. exd5 hxg5 11. Bxg5 Nxd5 12. Bxc4 Nb6 13. Bb3 Nc6 14. d5 Nd4 15. O-O Qd7 16. Re1 Rfe8 17. h4 Rad8 18. a4 Nxb3 19. Qxb3 Nxd5 20. Nxd5 Qxd5 21. Qxd5 Rxd5 22. Rxc7 {½-½ (59) Xiong,J (2665)-Bok,B (2636) Saint Louis 2018}) 7. Be5 dxc4 8. e3 c5 $146 ({Predecessor:} 8... Be6 9. d5 Bg4 10. Bxg7 Nxg7 11. Bxc4 Nd7 12. O-O e6 13. dxe6 Nxe6 14. Ne4 Bxf3 15. gxf3 {1-0 (50) Raghunandan,K (2451)-Tiglon,B (2292) Khanty-Mansiysk 2016}) 9. Bxg7 Nxg7 10. d5 e6 11. Bxc4 exd5 12. Nxd5 Nd7 13. O-O b6 14. Qa4 Nf6 15. Nxf6+ Qxf6 16. Bd5 Rb8 17. Qxa7 Be6 18. Bxe6 Qxe6 19. a3 Nf5 20. Qa4 Rfd8 21. Rfd1 h6 22. Qf4 Qb3 $16 23. Rd2 Rbc8 24. Qc4 Qxc4 25. Rxc4 Rxd2 26. Nxd2 Rd8 27. Rc2 Kf8 28. Kf1 Nd6 29. Ke2 Ke7 30. Nc4 Nxc4 31. Rxc4 Rd6 32. Rc2 Rf6 33. Rd2 Rf5 34. g4 Rg5 35. h3 Re5 36. f4 Re4 37. Kd3 Re6 38. h4 Kd6 39. e4 Kc6 40. e5 Re7 41. Ke4 Kb5 42. Rd6 Rb7 43. f5 Kc4 44. fxg6 fxg6 45. e6 Kb3 46. Rd2 1-0

[Event "8th Amsterdam Summer Open-A 2018"]
[Site "Amsterdam"]
[Date "2018.07.08"]
[Round "2"]
[White "Kollen, Zyon"]
[Black "Cornelisse, Ticho"]
[Result "1-0"]
[ECO "B07"]
[WhiteElo "2313"]
[BlackElo "2074"]
[Annotator "NA"]
[PlyCount "73"]
[EventDate "2018.07.07"]
[EventType "swiss"]
[EventCountry "NED"]
[SourceTitle "playchess.com"]
[Source "ChessBase"]
[SourceQuality "1"]
[TimeControl "40/5400+30:1800+30"]

1. e4 d6 2. d4 Nf6 3. Nc3 g6 4. Be3 c6 5. Qd2 b5 6. f3 Nbd7 7. d5 Nb6 {[%emt 0:20:45] B07: Pirc-Ufimzew-Verteidigung} (7... cxd5 8. Nxd5 a6 9. a4 bxa4 10. Rxa4 Bb7 11. Nxf6+ Nxf6 12. Nh3 Bg7 13. Be2 O-O 14. O-O Qc7 15. Nf4 {1-0 (33) Koykka,P (2367)-Tikkanen,H (2515) Stockholm 2018}) 8. dxc6 Nc4 9. Bxc4 bxc4 10. Qd4 $146 ({Vorgänger:} 10. Nd5 Bg7 11. c7 Qd7 12. Nxf6+ Bxf6 13. Qd5 O-O 14. Qxa8 Qa4 15. Ne2 Bxb2 16. Rd1 Qa5+ 17. Kf2 Qxc7 18. Qxa7 Bb7 19. Qb6 Qxb6 20. Bxb6 Ra8 21. Bd4 Bxd4+ 22. Rxd4 {1-0 (22) Roitburd,T (2132)-Spillmann,P (1923) Ruhrgebiet 2004}) 10... Ba6 11. e5 (11. Nge2 $18) 11... dxe5 12. Qxe5 Qd6 13. Qxd6 exd6 14. O-O-O O-O-O 15. Bg5 Bg7 16. a4 d5 17. Bxf6 Bxf6 18. Nxd5 c3 19. b4 ({Viel schwächer ist} 19. Nxc3 $6 Rxd1+ 20. Kxd1 Bf1 $14) (19. bxc3 $16 Be5 20. Nh3) 19... Bf1 (19... Bg5+ $142 20. f4 Rxd5 21. Rxd5 Bxf4+ 22. Kd1 Bf1) 20. Nxf6 Rxd1+ 21. Kxd1 Bxg2 22. Ke2 Rd8 23. Ne4 $15 Bxh1 24. Nxc3 Rd4 25. b5 Rh4 26. Ke3 Rxh2 27. Nge2 Rh3 28. Nd4 g5 29. Ne4 h6 30. a5 Bxf3 31. Nxf3 g4 32. b6 axb6 33. axb6 Rxf3+ 34. Kd2 Kd8 35. c7+ Kd7 36. Nd6 Rf2+ 37. Kc3 1-0

[Event "8th Amsterdam Summer Open-A 2018"]
[Site "Amsterdam"]
[Date "2018.07.08"]
[Round "2"]
[White "Van Baar, Esper"]
[Black "Bogaard, Milo"]
[Result "0-1"]
[ECO "A80"]
[WhiteElo "2252"]
[BlackElo "2073"]
[Annotator "NA"]
[PlyCount "130"]
[EventDate "2018.07.07"]
[EventType "swiss"]
[EventCountry "NED"]
[SourceTitle "playchess.com"]
[Source "ChessBase"]
[SourceQuality "1"]
[TimeControl "40/5400+30:1800+30"]

1. d4 {[%emt 0:00:00] Atalik,S} f5 2. Nc3 Nf6 3. Bg5 d5 4. e3 e6 5. Nf3 Be7 6. Bd3 O-O {[%emt 0:01:49] A80: Dutch Defence: Unusual White second moves} 7. O-O c5 (7... Ne4 8. Bxe7 Qxe7 9. Ne2 Nd6 10. Rc1 Nd7 11. c4 c6 12. Qb3 Kh8 13. Qa3 a5 14. Ne5 {½-½ (45) So,W (2770)-Carlsen,M (2855) Leuven 2016}) 8. dxc5 Bxc5 9. Na4 Be7 10. c4 Nc6 11. cxd5 $146 ({Predecessor:} 11. Nc3 Kh8 12. Rc1 e5 13. cxd5 Nxd5 14. Nxd5 Bxg5 {1-0 (33) Atalik,S (2618)-Sorensen,T (2368) Antalya 2006 CBM 110 Extra [Atalik,S]}) 11... Nxd5 12. Bxe7 Qxe7 13. Rc1 Nf6 14. Nc5 Nb4 15. Bb1 b6 16. Na4 Ba6 17. Re1 Rfd8 18. Nd4 Bb7 19. a3 Na6 20. Nc3 Nd5 21. Nxd5 Bxd5 22. f3 Kh8 23. b4 Nc7 24. Qc2 $14 Ne8 25. Red1 Nd6 26. Ba2 Rac8 27. Qe2 Bxa2 28. Qxa2 Rxc1 29. Rxc1 Re8 30. Qc2 Kg8 31. b5 Nb7 32. a4 Qa3 33. Qc3 Qxc3 34. Rxc3 Nc5 35. a5 Re7 36. Nc6 Rc7 37. Kf2 Kf8 38. Rc4 Nd7 39. a6 Nc5 40. Kg3 h6 41. h4 Ke8 42. h5 Rxc6 43. bxc6 Kd8 44. Kf4 Nd3+ 45. Kg3 Nc5 46. Rd4+ Kc7 47. Kf4 b5 48. Ke5 Kxc6 49. g4 b4 50. gxf5 exf5 51. Kxf5 Kb5 52. e4 b3 53. e5 b2 54. Rd1 Kc4 55. e6 Nxa6 56. Kg6 Nc7 57. e7 a5 58. Kxg7 a4 59. Kg8 a3 60. Rd7 Ne8 61. Kf8 b1=Q 62. Kxe8 a2 63. Rc7+ Kd4 64. Kd8 Qb8+ 65. Kd7 a1=Q 0-1

[Event "8th Amsterdam Summer Open-A 2018"]
[Site "Amsterdam"]
[Date "2018.07.08"]
[Round "2"]
[White "Hildenbrand, Peter"]
[Black "Hernandez Iglesias, Francisco"]
[Result "1/2-1/2"]
[ECO "D00"]
[WhiteElo "2226"]
[BlackElo "2047"]
[Annotator "NA"]
[PlyCount "43"]
[EventDate "2018.07.07"]
[EventType "swiss"]
[EventCountry "NED"]
[SourceTitle "playchess.com"]
[Source "ChessBase"]
[SourceQuality "1"]
[TimeControl "40/5400+30:1800+30"]

1. d4 d5 2. Bf4 Nf6 3. e3 c5 4. Nc3 a6 5. dxc5 Nc6 6. Nf3 Bg4 7. Be2 e6 8. Na4 Ne4 9. O-O Nxc5 10. Nxc5 Bxc5 11. Ne5 Bxe2 12. Qxe2 O-O 13. Rfd1 Qe7 14. Rac1 Rac8 15. c4 Nxe5 $11 16. Bxe5 dxc4 17. Rxc4 Rcd8 18. Rdc1 Rd5 19. Bf4 Bd6 20. Rd1 Bxf4 21. Rxf4 Rfd8 22. Rxd5 1/2-1/2

[Event "8th Amsterdam Summer Open-A 2018"]
[Site "Amsterdam"]
[Date "2018.07.08"]
[Round "2"]
[White "Kohler, Aran"]
[Black "Zondag, Jason"]
[Result "1-0"]
[ECO "A48"]
[WhiteElo "2175"]
[BlackElo "1986"]
[Annotator "NA"]
[PlyCount "59"]
[EventDate "2018.07.07"]
[EventType "swiss"]
[EventCountry "NED"]
[SourceTitle "playchess.com"]
[Source "ChessBase"]
[SourceQuality "1"]
[TimeControl "40/5400+30:1800+30"]

1. Nf3 Nf6 2. d4 g6 3. Bg5 Bg7 4. Nbd2 h6 5. Bxf6 {[%emt 0:00:40] A48: 1 d4 Nf6 2 Nf3 g6: Torre, London and Colle Systems} (5. Bh4 d5 6. e3 Bf5 7. Bd3 Bxd3 8. cxd3 O-O 9. O-O c6 10. Rc1 Qb6 11. Qb3 Nbd7 12. Ne5 Rfe8 13. Bg3 {1-0 (30) So,W (2815)-Giri,A (2785) chess.com INT 2017}) 5... exf6 6. e4 d6 7. Bd3 Nd7 $146 ({Predecessor:} 7... Qe7 8. O-O O-O 9. c3 c5 10. Nc4 Na6 11. Ne3 Nc7 12. dxc5 dxc5 13. Qc2 Bd7 14. Rfe1 {½-½ (14) Galego,L (2457)-Manolache,M (2478) Ourense 2014}) 8. Qe2 O-O 9. O-O-O c5 10. c3 Qc7 11. Kb1 a6 12. h4 b5 13. h5 g5 14. e5 fxe5 15. dxe5 Bb7 16. e6 Ne5 17. Nxe5 Bxe5 18. exf7+ Qxf7 19. f3 Qg7 20. Bg6 b4 21. cxb4 cxb4 22. Nc4 Rfd8 {[%emt 0:05:07] [#]} 23. Nxd6 $18 Bxd6 24. Qe6+ Kh8 25. Rxd6 Rxd6 26. Qxd6 g4 27. fxg4 Bxg2 28. Re1 Rf8 29. Qxb4 Qf6 30. Qd2 1-0

[Event "8th Amsterdam Summer Open-A 2018"]
[Site "Amsterdam"]
[Date "2018.07.08"]
[Round "2"]
[White "Cornelisse, Johnny"]
[Black "Bekedam, Tyro"]
[Result "1-0"]
[ECO "E44"]
[WhiteElo "2132"]
[BlackElo "2019"]
[Annotator "NA"]
[PlyCount "61"]
[EventDate "2018.07.07"]
[EventType "swiss"]
[EventCountry "NED"]
[SourceTitle "playchess.com"]
[Source "ChessBase"]
[SourceQuality "1"]
[TimeControl "40/5400+30:1800+30"]

1. d4 Nf6 2. c4 e6 3. Nc3 Bb4 4. e3 b6 5. Nge2 Bb7 6. a3 Bxc3+ 7. Nxc3 d5 8. Be2 O-O 9. O-O c5 10. cxd5 exd5 11. b3 Nc6 12. Bf3 cxd4 13. exd4 h6 14. Re1 Qd7 15. Bf4 Rfe8 16. Be5 Ne7 17. Bxf6 $16 gxf6 18. Qd2 Kg7 19. Ne2 Qf5 20. Ng3 Qg5 21. Nh5+ Kf8 22. Qb4 Rad8 23. Re3 Bc8 24. Rae1 Be6 25. h4 Qxh4 26. g3 Qg5 27. Nf4 Qf5 28. Rxe6 fxe6 29. Nxe6+ Kg8 30. Nxd8 Qxf3 31. Qd6 1-0

[Event "8th Amsterdam Summer Open-A 2018"]
[Site "Amsterdam"]
[Date "2018.07.08"]
[Round "2"]
[White "Theulings, Paul-Peter"]
[Black "De Boer, Eelke"]
[Result "0-1"]
[ECO "E63"]
[WhiteElo "2088"]
[BlackElo "2317"]
[Annotator "NA"]
[PlyCount "64"]
[EventDate "2018.07.07"]
[EventType "swiss"]
[EventCountry "NED"]
[SourceTitle "playchess.com"]
[Source "ChessBase"]
[SourceQuality "1"]
[TimeControl "40/5400+30:1800+30"]

1. Nf3 Nf6 2. c4 g6 3. g3 Bg7 4. Bg2 O-O 5. d4 d6 6. Nc3 Nc6 7. O-O a6 8. h3 Bd7 9. Be3 Rb8 10. b3 {[%emt 0:12:26] E63: King's Indian: Fianchetto: Panno Variation with 7...a6} (10. a4 a5 11. Qc1 Re8 12. d5 Nb4 13. Rd1 Qc8 14. Kh2 e5 15. c5 dxc5 16. Bxc5 b6 17. Be3 c6 18. dxc6 Bxc6 {1-0 (45) Cordova,E (2645)-Cuenca Jimenez,J (2477) Leon 2017}) 10... b5 11. d5 Na5 12. c5 $146 ({Predecessor:} 12. cxb5 axb5 13. Rc1 c5 14. dxc6 Bxc6 15. Nd4 Bxg2 16. Kxg2 b4 17. Na4 Nd5 18. Bg5 {1-0 (48) Mozny,M (2385)-Ponizil,C (2304) Czechia 2009}) 12... b4 13. Na4 Bxa4 $1 14. bxa4 dxc5 15. Bxc5 Nxd5 16. Rc1 Nb7 17. Ba7 Ra8 18. Bd4 c5 19. Bxg7 Kxg7 20. Ng5 e6 21. Ne4 Rc8 22. Nxc5 Nxc5 23. Rxc5 Nc3 24. Qxd8 Nxe2+ ({Finger weg von} 24... Rcxd8 25. Bf3 $17) 25. Kh2 Rfxd8 26. Rxc8 Rxc8 27. Bb7 Rc2 28. Bxa6 Nc3 29. Bc4 Nxa2 30. Ra1 $2 (30. Bb3 $17 Rb2 31. Bc4) 30... Nc1 31. a5 Rxc4 32. a6 Rc8 $19 0-1

[Event "8th Amsterdam Summer Open-A 2018"]
[Site "Amsterdam"]
[Date "2018.07.08"]
[Round "2"]
[White "Romkes, Abel"]
[Black "Floor, Dirk"]
[Result "0-1"]
[ECO "B40"]
[WhiteElo "2018"]
[BlackElo "2196"]
[Annotator "NA"]
[PlyCount "80"]
[EventDate "2018.07.07"]
[EventType "swiss"]
[EventCountry "NED"]
[SourceTitle "playchess.com"]
[Source "ChessBase"]
[SourceQuality "1"]
[TimeControl "40/5400+30:1800+30"]

1. e4 c5 2. Nf3 e6 3. d4 cxd4 4. Nxd4 Nc6 5. Nc3 Nf6 6. Nxc6 bxc6 7. Bd3 d5 8. O-O Be7 9. Re1 d4 {[%emt 0:09:40] B40: Sicilian: 2...e6, Unusual lines} 10. Ne2 e5 11. Ng3 g6 12. Bc4 $146 ({Predecessor:} 12. h3 O-O 13. f4 exf4 14. Bxf4 Be6 15. e5 Nd5 16. Bh6 Re8 17. Ne4 {0-1 (58) Melia,S (2439)-Gaponenko,I (2469) Khanty-Mansiysk 2010}) 12... h5 13. Qd3 Rb8 14. Nf1 Kf8 15. Nd2 Kg7 16. Ba6 Bxa6 17. Qxa6 Qc7 18. a3 Nd7 19. Qe2 a5 20. Nc4 a4 21. Bd2 Rb5 22. Rad1 Nc5 23. Bc1 Ne6 24. Qd3 Nc5 25. Qe2 Nb7 26. Qd3 Rd8 27. Rf1 Nc5 28. Qe2 $11 Ne6 29. g3 h4 30. Qg4 Rh8 31. Kh1 Rh5 32. Kg1 Qb8 33. Qe2 Rc5 34. Qd3 f5 35. Rfe1 hxg3 36. fxg3 f4 37. gxf4 exf4 38. Rf1 Rcg5+ 39. Kh1 Rxh2+ 40. Kxh2 f3+ 0-1

[Event "8th Amsterdam Summer Open-A 2018"]
[Site "Amsterdam"]
[Date "2018.07.08"]
[Round "2"]
[White "Gouw, Carol-Peter"]
[Black "Elgersma, Simon"]
[Result "1/2-1/2"]
[ECO "A36"]
[WhiteElo "2005"]
[BlackElo "2263"]
[Annotator "NA"]
[PlyCount "91"]
[EventDate "2018.07.07"]
[EventType "swiss"]
[EventCountry "NED"]
[SourceTitle "playchess.com"]
[Source "ChessBase"]
[SourceQuality "1"]
[TimeControl "40/5400+30:1800+30"]

1. c4 Nf6 2. Nc3 g6 3. e4 d6 4. g3 Bg7 5. Bg2 c5 6. Nge2 Nc6 7. O-O O-O 8. d3 Ne8 9. Be3 Nc7 10. h3 {[%emt 0:04:26] A36: Symmetrical English vs ...g6: 4 Bg2 Bg7} Nd4 11. Rb1 Rb8 12. b4 b6 13. f4 Bd7 14. b5 {[%emt 0:10:47] [#]} e6 $146 ({Predecessor:} 14... f5 15. Kh2 e6 16. a4 Qe7 17. Qd2 Rbe8 18. Rbe1 Qd8 {0-1 (58) Weber,U (2285)-Schmaltz,R (2529) Bad Wiessee 2002}) 15. a4 Qe7 16. Bf2 e5 17. a5 Nxe2+ 18. Nxe2 f5 19. axb6 axb6 20. exf5 gxf5 21. Qc2 Qf6 22. Ra1 Rf7 23. Ra7 Ne6 24. Nc3 exf4 $14 25. Nd5 Qg6 26. Nxf4 Nxf4 27. gxf4 Bc6 28. bxc6 Rxa7 29. Kh2 Kh8 30. Bd5 Re7 31. Rg1 Qf6 32. Rg2 Rbe8 33. Qa4 Bh6 34. Bg3 Rg7 35. c7 Rf8 36. Qc6 Rc8 37. Re2 Qf8 38. Qxb6 Rcxc7 39. Qxd6 Rce7 40. Re6 Qe8 41. Rxe7 Rxe7 42. Qxh6 Re2+ 43. Kh1 Re1+ 44. Bxe1 Qxe1+ 45. Kh2 Qg1+ 46. Kxg1 1/2-1/2

[Event "8th Amsterdam Summer Open-A 2018"]
[Site "Amsterdam"]
[Date "2018.07.08"]
[Round "2"]
[White "Frans, Richard"]
[Black "Elgersma, Onno"]
[Result "0-1"]
[ECO "C02"]
[WhiteElo "2001"]
[BlackElo "2150"]
[Annotator "NA"]
[PlyCount "44"]
[EventDate "2018.07.07"]
[EventType "swiss"]
[EventCountry "NED"]
[SourceTitle "playchess.com"]
[Source "ChessBase"]
[SourceQuality "1"]
[TimeControl "40/5400+30:1800+30"]

1. e4 e6 2. d4 d5 3. e5 c5 4. c3 Nc6 5. Nf3 Bd7 6. Be2 f6 7. Bf4 Qb6 8. Qd2 cxd4 9. cxd4 $2 (9. O-O $15) 9... g5 10. exf6 gxf4 11. Qxf4 O-O-O 12. O-O Qxb2 13. f7 $19 Qxa1 14. fxg8=Q Rxg8 15. Qd2 Bb4 16. Qc2 Kb8 17. Rd1 Rg4 18. a3 Ba5 19. Qa4 Qb2 20. Nbd2 Nxd4 21. Qxa5 Nxe2+ 22. Kf1 b6 0-1

[Event "8th Amsterdam Summer Open-A 2018"]
[Site "Amsterdam"]
[Date "2018.07.08"]
[Round "2"]
[White "Azikri, Gur"]
[Black "Kossen, Johannes"]
[Result "0-1"]
[ECO "D02"]
[WhiteElo "1941"]
[BlackElo "2095"]
[Annotator "NA"]
[PlyCount "130"]
[EventDate "2018.07.07"]
[EventType "swiss"]
[EventCountry "NED"]
[SourceTitle "playchess.com"]
[Source "ChessBase"]
[SourceQuality "1"]
[TimeControl "40/5400+30:1800+30"]

1. d4 d5 2. Bf4 c5 3. e3 Nc6 4. Nf3 Nf6 5. Nc3 Nh5 6. dxc5 Nxf4 7. exf4 e6 8. Na4 Qa5+ 9. c3 b5 10. cxb6 axb6 11. Qb3 Qxa4 12. Qxa4 Rxa4 13. Bb5 Re4+ 14. Kd2 Bd7 15. g3 Be7 16. Bxc6 Bxc6 17. Nd4 Kd7 18. f3 Rxd4+ 19. cxd4 Ra8 20. Ke3 Ra4 21. b3 Rb4 22. Rac1 Bd6 23. Rhe1 Rb5 24. Rc2 Ba3 25. Kf2 Ra5 26. h4 Ra7 27. Ke3 Rc7 28. Ree2 Bb5 29. Rxc7+ Kxc7 30. Rc2+ Kd7 31. g4 $19 Bc6 32. h5 b5 33. g5 Bd6 34. Rg2 b4 35. Rc2 Bb5 36. Rf2 Ke7 37. Rc2 Bd7 38. Rg2 Be8 39. Rc2 Kd7 40. Rg2 Be7 41. h6 g6 42. Rc2 Kd8 43. Rg2 Bd6 44. Rc2 Bd7 45. Rc1 Ke7 46. Rc2 f6 47. Rg2 fxg5 48. fxg5 e5 49. Rc2 Ke6 50. dxe5 Kxe5 51. f4+ Kf5 52. Kd4 Be6 53. Rc6 Bxf4 54. Kc5 Bxg5 55. Kxb4 Bxh6 56. a4 d4 57. a5 Bf8+ 58. Kb5 d3 59. Rc1 d2 60. Rf1+ Ke5 61. a6 Bxb3 62. a7 Bd5 63. Kb6 Kd4 64. Kc7 Bc5 65. Kb8 Bd6+ 0-1